 Dungeon Crawl Stone Soup version 0.28.0-53-g5a82cb258f (webtiles) character file.

Game seed: 17596444000359225953

6934 Stomo the Eye of the Storm (level 10, -4/120 HPs)
             Began as a Demonspawn Fighter on July 23, 2022.
             Was a Priest of Qazlal.
             Slain by Fannar
             ... wielding a staff of cold
              (9 damage)
             ... on level 11 of the Dungeon.
             The game lasted 00:14:53 (10512 turns).

Stomo the Eye of the Storm (Demonspawn Fighter)    Turns: 10512, Time: 00:14:54

Health: -4/120     AC:  8    Str: 21    XL:     10   Next: 80%
Magic:  17/17      EV: 14    Int:  9    God:    Qazlal [***...]
Gold:   595        SH:  8    Dex: 13    Spells: 9/9 levels left

rFire   + . .      SeeInvis .   C - +4 falchion
rCold   + . .      Faith    .   c - +0 buckler
rNeg    . . .      Spirit   .   g - +1 troll leather armour
rPois   .          Reflect  .   t - +1 hat
rElec   .          Harm     .   (no cloak)
rCorr   .          Rampage  .   (no gloves)
Will    .....                   s - +0 pair of boots
Stlth   ..........              (no amulet)
HPRegen 1.10/turn               x - ring of protection from fire
MPRegen 0.15/turn               i - ring of protection from cold

@: mighty, berserking, hasted, very quick
A: horns 2, powered by pain 1
a: Renounce Religion, Upheaval, Elemental Force


You were on level 11 of the Dungeon.
You worshipped Qazlal.
Qazlal was most pleased with you.
You visited 1 branch of the dungeon, and saw 11 of its levels.

You collected 595 gold pieces.

Inventory:

Hand Weapons
 a - a +1 long sword
 C - a +4 falchion (weapon)
Missiles
 v - 5 javelins (quivered)
 B - a throwing net
Armour
 b - a +0 scale mail
 c - a +0 buckler (worn)
 g - a +1 troll leather armour (worn)
 m - a +2 ring mail of cold resistance
 s - a +0 pair of boots (worn)
 t - a +1 hat (worn)
Jewellery
 i - a ring of protection from cold (right hand)
 x - a ring of protection from fire (left hand)
Wands
 r - a wand of mindburst (11)
 w - a wand of paralysis (14)
 A - a wand of flame (17)
Scrolls
 e - 2 scrolls of amnesia
 k - a scroll of noise
 p - 3 scrolls of teleportation
 y - a scroll of fog
 z - 3 scrolls of summoning {unknown}
 D - a scroll of magic mapping
 E - 2 scrolls of identify
Potions
 d - a potion of might
 f - 3 potions of degeneration
 j - 3 potions of lignification
 n - 2 potions of mutation
 o - a potion of heal wounds {unknown}
 q - 2 potions of brilliance {unknown}
 u - a potion of magic {unknown}


   Skills:
 + Level 7.9 Fighting
 + Level 6.9 Long Blades
 + Level 7.2 Armour
 + Level 6.5 Dodging
 - Level 2.6 Shields
 + Level 10.5 Invocations


You had 9 spell levels left.
You didn't know any spells.
Your spell library contained the following spells:

 Spells                   Type           Power      Damage    Failure   Level
 Magic Dart               Conj           0%         1d3       52%         1
 Shock                    Conj/Air       0%         1d3       52%         1
 Call Imp                 Summ           0%         N/A       67%         2
 Corpse Rot               Necr/Air       0%         N/A       67%         2
 Call Canine Familiar     Summ           0%         N/A       88%         3
 Mephitic Cloud           Conj/Pois/Air  0%         N/A       88%         3
 Portal Projectile        Hex/Tloc       0%         N/A       88%         3
 Swiftness                Air            0%         N/A       88%         3
 Airstrike                Air            0%         N/A       99%         4
 Dispel Undead            Necr           0%         3d6       99%         4
 Leda's Liquefaction      Hex/Erth       0%         N/A       99%         4
 Death Channel            Necr           0%         N/A       100%        6
 Dispersal                Tloc           0%         N/A       100%        6
 Disjunction              Tloc           0%         N/A       100%        8


Dungeon Overview and Level Annotations

Branches:
Dungeon (11/15)            Temple (0/1) D:7            Lair (0/6) D:9
    Orc: D:9-12

Altars:
Dithmenos
Elyvilon
Gozag
Makhleb
Okawaru
Qazlal
Sif Muna
Vehumet
Beogh

Annotations:
D:11 Fannar


Innate Abilities, Weirdness & Mutations

You have a pair of horns on your head.
You sometimes gain a little power by taking damage.


Message History

Fannar closely misses you. You block the ice beast's attack.
Unknown command.
You feel very mighty all of a sudden. You block Fannar's attack.
The ice beast misses you.
You feel yourself speed up. Fannar hits you but does no damage.
Fannar freezes you! The ice beast misses you.
Unknown command.
You closely miss Fannar.
Fannar is lightly wounded.
You block Fannar's attack.
You slash Fannar!
Fannar is moderately wounded.
You block the ice beast's attack. Fannar hits you with a staff of cold!
* * * LOW HITPOINT WARNING * * *
Fannar freezes you!
* * * LOW HITPOINT WARNING * * *
You hit Fannar.
Fannar is moderately wounded.
Unknown command.
You slash the ice beast!
The ice beast is severely wounded.
The ice beast closely misses you. Fannar completely misses you.
You hit the ice beast. You headbutt the ice beast.
The ice beast is almost dead.
The ice beast hits you.
* * * LOW HITPOINT WARNING * * *
The ice beast freezes you. You resist.
* * * LOW HITPOINT WARNING * * *
Fannar hits you with a staff of cold.
* * * LOW HITPOINT WARNING * * *
Fannar freezes you.
* * * LOW HITPOINT WARNING * * *
A red film seems to cover your vision as you go berserk!
You feel yourself moving faster!
You feel mighty!
The ice beast hits you but does no damage.
Unknown command.
You slash Fannar!
Fannar is heavily wounded.
Fannar hits you with a staff of cold!
You die...

#..............#
#..............#
#..............#
#..............#
#......#########
#......#
#......#
#.°Y...#
#.@....#
#e####.# #.# #.#
#.# #.# #......#
###### #........
...... #....(...
...... #........
...... #.....e..
......


You could see Fannar (strong) and an ice beast (summoned).

Vanquished Creatures
  A two-headed ogre (D:8)
  A deep elf pyromancer (D:11)
  A komodo dragon (D:11)
  2 trolls
  Grinder (D:6)
  A hornet (D:9)
  A wyvern (D:9)
  A basilisk (D:10)
  Eustachio (D:6)
  A steam dragon (D:9)
  3 orc warriors
  2 sky beasts
  An ice beast (D:6)
  A black bear (D:6)
  A necrophage (D:6)
  4 ogres (D:9)
  A centaur (D:6)
  A phantom (D:5)
  4 kobold brigands
  A gnoll sergeant (D:9)
  3 bullfrogs
  3 scorpions
  A water moccasin zombie (D:5)
  A water moccasin skeleton (D:6)
  5 wights (D:10)
  An electric eel (D:10)
  A howler monkey (D:10)
  5 centaur zombies
  3 orc priests
  2 hounds
  3 jellies (D:6)
  A gnoll shaman (D:7)
  5 iguanas
  7 orc wizards
  2 killer bee zombies
  Robin (D:2)
  A howler monkey skeleton (D:5)
  A howler monkey zombie (D:9)
  7 adders
  10 gnolls
  A white imp (D:5)
  An ufetubus (D:4)
  2 dart slugs
  35 orcs
  6 ball pythons
  6 endoplasms
  3 giant cockroaches
  11 goblins
  6 hobgoblins
  12 jackals
  23 kobolds
  4 quokkas
  3 bats
  3 frilled lizards
  3 rats
212 creatures vanquished.

Notes
Turn   | Place    | Note
-------+----------+-------------------------------------------
     0 | D:1      | Stomo the Demonspawn Fighter began the quest for the Orb.
     0 | D:1      | Reached XP level 1. HP: 18/18 MP: 1/1
   126 | D:1      | Gained mutation: You have a pair of small horns on your
                  | head. [demonic ancestry]
   126 | D:1      | Reached XP level 2. HP: 22/24 MP: 2/2
   258 | D:1      | Reached skill level 1 in Dodging
   386 | D:1      | Reached XP level 3. HP: 29/29 MP: 3/3
   401 | D:1      | Found a faded altar of an unknown god.
  1171 | D:2      | Gained mutation: You have a pair of horns on your head.
                  | [demonic ancestry]
  1171 | D:2      | Reached XP level 4. HP: 31/35 MP: 4/4
  1194 | D:2      | Noticed Robin
  1202 | D:2      | Killed Robin
  1833 | D:3      | Found a shimmering blue altar of Sif Muna.
  1833 | D:3      | Found a stormy altar of Qazlal.
  1836 | D:3      | Found an opulent altar of Gozag.
  1865 | D:3      | Became a worshipper of Qazlal Stormbringer
  1969 | D:3      | Reached skill level 1 in Invocations
  2445 | D:4      | Noticed a scorpion
  2450 | D:4      | Killed a scorpion
  2451 | D:4      | Reached skill level 2 in Invocations
  2451 | D:4      | Gained mutation: You sometimes gain a little power by
                  | taking damage. [demonic ancestry]
  2451 | D:4      | Reached XP level 5. HP: 42/42 MP: 4/6
  3256 | D:5      | Entered Level 5 of the Dungeon
  3271 | D:5      | Found an iron altar of Okawaru.
  3291 | D:5      | Reached skill level 3 in Invocations
  3291 | D:5      | Reached XP level 6. HP: 47/48 MP: 8/8
  3742 | D:5      | Reached skill level 4 in Invocations
  3824 | D:5      | Reached XP level 7. HP: 43/55 MP: 10/10
  4104 | D:6      | Reached * piety under Qazlal
  4210 | D:6      | Reached skill level 5 in Invocations
  4721 | D:6      | Reached skill level 6 in Invocations
  4749 | D:6      | Noticed Eustachio
  4786 | D:6      | Reached skill level 5 in Fighting
  4786 | D:6      | Reached XP level 8. HP: 31/62 MP: 12/12
  5195 | D:6      | Noticed Grinder
  5216 | D:6      | Killed Grinder
  5217 | D:6      | Reached skill level 7 in Invocations
  5305 | D:6      | Killed Eustachio
  5386 | D:6      | Reached skill level 5 in Armour
  5694 | D:7      | Found a staircase to the Ecumenical Temple.
  5788 | D:7      | Found a burning altar of Makhleb.
  6495 | D:7      | Found a shadowy altar of Dithmenos.
  6991 | D:8      | Found a radiant altar of Vehumet.
  7073 | D:8      | Reached skill level 8 in Invocations
  7073 | D:8      | Reached XP level 9. HP: 60/69 MP: 13/15
  7076 | D:8      | Reached ** piety under Qazlal
  7249 | D:8      | Noticed a two-headed ogre
  7259 | D:8      | Killed a two-headed ogre
  7260 | D:8      | Reached skill level 5 in Long Blades
  7980 | D:9      | Noticed a troll
  7996 | D:8      | Killed a troll
  7997 | D:8      | Reached skill level 5 in Dodging
  8378 | D:9      | Reached skill level 9 in Invocations
  8771 | D:9      | Reached XP level 10. HP: 77/77 MP: 17/17
  8802 | D:9      | Reached *** piety under Qazlal
  8943 | D:9      | Found a staircase to the Lair.
  8987 | D:10     | Entered Level 10 of the Dungeon
  9245 | D:10     | Reached skill level 10 in Invocations
 10027 | D:11     | Noticed a deep elf pyromancer
 10050 | D:11     | Killed a deep elf pyromancer
 10481 | D:11     | Noticed Fannar
 10510 | D:11     | HP: 2/80 [Fannar/staff of cold (4)]
 10512 | D:11     | Slain by Fannar

Illustrated notes

Levels and vault maps discovered:
D:1:      lightli_arrival_flooded_house, layout_loops_ring,
          hellmonk_ecumenical_altar_inner_sanctum, amcnicky_mini_pool_small
D:2:      layout_basic, uniq_robin
D:3:      layout_rooms, chequers_temple_overflow_statue_of_worship
D:4:      layout_basic
D:5:      layout_basic, lemuel_crystal_altar, kennysheep_generic_room_4
D:6:      nicolae_cairo_tiling, layout_basic, serial_park_tiny_2,
          uniq_eustachio, uniq_grinder
D:7:      layout_basic, elyvilon_altar_3,
          nicolae_dithmenos_through_a_glass_darkly, amcnicky_altar_gilded,
          minmay_temple_entry_gardened_gates
D:8:      layout_basic, lemuel_doored_altar
D:9:      layout_rooms, lair_entry_dummy, special_room [special_room_orc]
D:10:     layout_basic, hangedman_decor_clover_reticule
D:11:     layout_stronghold, uniq_fannar

Skill      XL: |  1  2  3  4  5  6  7  8  9 10 |
---------------+-------------------------------+-----
Long Blades    | 2 3 4 5 6 |  6.9
Armour         | 3 4 5 6 7 |  7.2
Dodging        | 1 2 3 4 5 6 |  6.5
Invocations    | 2 3 4 6 8 9 10 | 10.5
Fighting       | 4 5 6 7 |  7.9
Shields        | |  2.6

Action                   |  1- 3 |  4- 6 |  7- 9 | 10-12 || total
-------------------------+-------+-------+-------+-------++-------
Melee: Long sword        |    80 |   149 |   340 |    42 ||   611
       Headbutt          |    10 |    25 |    63 |    42 ||   140
       Falchion          |       |       |       |   178 ||   178
Invok: Upheaval          |       |       |     1 |     3 ||     4
  Use: Scroll            |       |     7 |     4 |     4 ||    15
       Potion            |       |       |     1 |     3 ||     4
Armor: Scale mail        |    31 |     4 |       |       ||    35
       Ring mail         |       |    67 |   130 |       ||   197
       Troll leather arm |       |       |    29 |    56 ||    85
Dodge: Dodged            |    35 |    87 |   220 |    85 ||   427
Block: Buckler           |    21 |    39 |   109 |    87 ||   256
